 Dungeon Crawl Stone Soup version 0.31-a0-198-g2ad674f65e (webtiles) character file.

Game seed: 1846149377027730043

210 qw the Skirmisher (level 5, -6/29 HPs)
             Began as a Deep Elf Hunter on June 25, 2023.
             Mangled by an orc warrior
             ... wielding a +1 mace of holy wrath
              (9 damage)
             ... on level 6 of the Dungeon.
             The game lasted 00:00:37 (1862 turns).

qw the Skirmisher (Deep Elf Hunter)                 Turns: 1862, Time: 00:00:38

Health: -6/29      AC:  3    Str: 10    XL:     5   Next: 57%
Magic:  7/7        EV: 17    Int: 14    God:
Gold:   145        SH:  0    Dex: 18    Spells: 4/4 levels left

rFire   . . .        h - +0 shortbow (heavy)
rCold   . . .        (shield currently unavailable)
rNeg    . . .        c - +0 leather armour
rPois   .            (no helmet)
rElec   .            (no cloak)
rCorr   .            (no gloves)
SInv    .            (no boots)
Will    .....        (no amulet)
Stlth   ++           i - +5 ring of evasion
HPRegen 0.24/turn    (no ring)
MPRegen 0.10/turn

%: no passive effects
@: about to teleport
A: no striking features
a: no special abilities


You were on level 6 of the Dungeon.
You visited 1 branch of the dungeon, and saw 4 of its levels.

You collected 145 gold pieces.


   Skills:
 - Level 1.5 Fighting
 - Level 9.1 Ranged Weapons
 + Level 2.4 Dodging
 - Level 1.2 Stealth


You had 4 spell levels left.
You didn't know any spells.
Your spell library was empty.

Inventory:

Hand Weapons
 h - a +0 heavy shortbow (weapon)
Armour
 c - a +0 leather armour (worn)
Jewellery
 i - a +5 ring of evasion (left hand)
Scrolls
 d - a scroll of immolation {unknown}
Potions
 a - a potion of resistance {unknown}
 b - a potion of cancellation {unknown}
 e - 2 potions of curing {unknown}
 f - a potion of brilliance {unknown}
 g - a potion of degeneration {unknown}
 j - a potion of attraction {unknown}
 l - a potion of haste {unknown}
 m - a potion of heal wounds {unknown}

Dungeon Overview and Level Annotations

Branches:
Dungeon (3/15)

Altars:

Shops:
D:1 ?[![[


Message History

The orc priest is heavily wounded.
You hear a shout! x2
You shoot an arrow.
The arrow hits the orc priest but does no damage.
The orc priest is heavily wounded.
You shoot an arrow. The arrow hits the orc priest!
You kill the orc priest!
Your Ranged Weapons skill increases to level 9!
An orc comes into view.
It is wielding a +2 short sword of venom.
Enter note: You shoot an arrow.
The orc shouts!
The arrow hits the orc!
You kill the orc!
An orc warrior comes into view.
It is wielding a +1 mace of holy wrath and wearing a +1 chain mail of poison resistance.
You shoot an arrow.
The arrow closely misses the orc warrior.
An orc comes into view. It is wielding a +0 mace.
You shoot an arrow.
The arrow closely misses the orc warrior.
You shoot an arrow.
The arrow hits the orc warrior but does no damage.
You shoot an arrow. The arrow hits the orc warrior!
The orc warrior is heavily wounded.
You shoot an arrow. The arrow hits the orc warrior.
The orc warrior is severely wounded.
The orc warrior hits you with a +1 mace of holy wrath!
You shoot an arrow. The arrow hits the orc warrior.
The orc warrior is severely wounded.
The orc warrior closely misses you.
The orc warrior hits you with a +1 mace of holy wrath.
You shoot an arrow.
The arrow hits the orc warrior but does no damage.
The orc warrior is severely wounded.
The orc warrior hits you with a +1 mace of holy wrath!
1862 ||| READING scroll of teleportation.
As you read the scroll of teleportation, it crumbles to dust.
You feel strangely unstable.
The orc warrior hits you with a +1 mace of holy wrath!
You die...

).. #.# #.#
# #.#.#
##)#.####
.o.....#
#o#....##
#@#.....##
#........#
#........#
#......#.#
##.##..#.#
#.###.#.#
#.###.#.#
#.......#
########.###


You could see an orc warrior and an orc.

Vanquished Creatures
  A bullfrog (D:6)
  An orc priest (D:6)
  A hound (D:6)
  5 adders (D:2)
  A worm (D:2)
  A dart slug (D:2)
  An orc (D:6)
  2 ball pythons
  5 bats
  3 endoplasms
  A giant cockroach (D:2)
  3 goblins
  2 hobgoblins (D:1)
  3 kobolds
  A quokka (D:1)
  6 frilled lizards
  2 rats (D:1)
39 creatures vanquished.

Notes
Turn   | Place    | Note
-------+----------+-------------------------------------------
     0 | D:1      | qw the Deep Elf Hunter began the quest for the Orb.
     0 | D:1      | Reached XP level 1. HP: 12/12 MP: 3/3
     0 | D:1      | 0 ||| qw: Version: 0.3-a-22-g0ed2b0b
     0 | D:1      | 0 ||| qw: Game counter: 5279
     0 | D:1      | 0 ||| qw: Melee chars always use a shield: true
     0 | D:1      | 0 ||| qw: God list: Okawaru
     0 | D:1      | 0 ||| qw: Allow faded altars: false
     0 | D:1      | 0 ||| qw: Do Orc after clearing Dungeon:15 true
     0 | D:1      | 0 ||| qw: Do second Lair branch before Depths: true
     0 | D:1      | 0 ||| qw: Lair rune preference: random
     0 | D:1      | 0 ||| qw: Goals: Normal
     0 | D:1      | 0 ||| PLANNING D:1-11
    23 | D:1      | Found Omiph's Distillery.
    31 | D:1      | 31 ||| SHOPLISTING potion of curing (39 gold, have 0).
    31 | D:1      | 31 ||| SHOPLISTING potion of might (52 gold, have 0).
    50 | D:1      | Found Iritut's Armour Emporium.
    59 | D:1      | 59 ||| SHOPLISTING +0 scale mail (52 gold, have 0).
    59 | D:1      | 59 ||| SHOPLISTING +1 robe "Ollep" {rC+} (256 gold, have
                  | 0).
    59 | D:1      | 59 ||| SHOPLISTING +2 scale mail of willpower (273 gold,
                  | have 0).
   115 | D:1      | Found Cejewusk's Antique Armour Shoppe.
   120 | D:1      | 120 ||| SHOPLISTING cloak (72 gold, have 0).
   120 | D:1      | 120 ||| SHOPLISTING glowing robe (59 gold, have 0).
   120 | D:1      | 120 ||| SHOPLISTING ring mail (64 gold, have 0).
   120 | D:1      | 120 ||| SHOPLISTING scale mail (64 gold, have 0).
   283 | D:1      | Reached XP level 2. HP: 14/16 MP: 4/4
   374 | D:1      | Found Faakhouph's Antique Armour Emporium.
   382 | D:1      | 382 ||| SHOPLISTING embroidered scarf (168 gold, have 2).
   382 | D:1      | 382 ||| SHOPLISTING glowing scale mail (147 gold, have 2).
   382 | D:1      | 382 ||| SHOPLISTING pair of boots (94 gold, have 2).
   382 | D:1      | 382 ||| SHOPLISTING ring mail (84 gold, have 2).
   441 | D:1      | Reached skill level 6 in Ranged Weapons
   631 | D:1      | Found Kufoacka's Magic Scroll Emporium.
   640 | D:1      | 640 ||| SHOPLISTING scroll of identify (26 gold, have 18).
   640 | D:1      | 640 ||| SHOPLISTING scroll of teleportation (39 gold, have
                  | 18).
  1041 | D:1      | 1041 ||| UPGRADING to +5 ring of evasion.
  1042 | D:1      | 1042 ||| READING scroll labelled NEXENL UXTEH.
  1045 | D:1      | 1045 ||| READING scroll labelled LEGHUI IHUG.
  1046 | D:1      | 1046 ||| READING scroll labelled SOPRYIR AKAMU.
  1047 | D:1      | 1047 ||| READING scroll labelled HESKOLITUSK.
  1148 | D:1      | 1148 ||| DROPPING scroll of butterflies.
  1170 | D:2      | Reached XP level 3. HP: 17/20 MP: 5/5
  1320 | D:2      | Reached skill level 7 in Ranged Weapons
  1427 | D:2      | Reached XP level 4. HP: 25/25 MP: 6/6
  1633 | D:2      | 1633 ||| READING scroll labelled MIROLO BOK WUC.
  1634 | D:2      | 1634 ||| READING scroll labelled SOREOCW ETEURIR.
  1635 | D:2      | 1635 ||| READING scroll labelled ROINLE KOGHIDO.
  1644 | D:3      | You fall into a shaft and drop 3 floors!
  1645 | D:6      | 1645 ||| PLANNING SEWER
  1704 | D:6      | Reached skill level 8 in Ranged Weapons
  1810 | D:6      | Noticed a bullfrog
  1816 | D:6      | Killed a bullfrog
  1817 | D:6      | Reached XP level 5. HP: 29/29 MP: 7/7
  1853 | D:6      | Reached skill level 9 in Ranged Weapons
  1854 | D:6      | Noticed an orc warrior
  1861 | D:6      | HP: 3/29 [orc warrior/+1 mace of holy wrath (9)]
  1862 | D:6      | 1862 ||| READING scroll of teleportation.
  1862 | D:6      | Mangled by an orc warrior

Levels and vault maps discovered:
D:1:      lightli_arrival_flooded_house, layout_basic, serial_shops, shop,
          nicolae_shop_stone, nicolae_lakefront_shop, nicolae_shop_trees, shop,
          serial_forest, infiniplex_forest_clump_double,
          infiniplex_forest_end_2, infiniplex_forest_lined_4_way,
          infiniplex_forest_end_3, infiniplex_forest_fountain,
          infiniplex_forest_straight_4
D:2:      layout_basic, hex_tiny
D:3:      layout_basic
D:6:      layout_loops_cross, slow_altar_2, minmay_temple_entry_enclosed_plants,
          cheibrodos_sewer_entry_drain, minivault_25

Skill      XL: |  1  2  3  4  5 |
---------------+----------------+-----
Ranged Weapons | 6 7 8 9 |  9.1
Fighting       | |  1.5
Dodging        | |  2.4
Stealth        | |  1.2

Action                     |  1- 3 |  4- 6 || total
---------------------------+-------+-------++-------
   Fire: Shortbow          |    88 |    36 ||   124
    Use: Scroll            |     4 |     4 ||     8
 Armour: Leather armour    |     7 |     3 ||    10
  Dodge: Dodged            |    33 |    23 ||    56

Table legend:
 A = Non-vault XP
 B = Vault XP
 C = Vault XP percentage of total XP
 D = Non-vault monster count
 E = Vault monster count
 F = Vault count percentage of total count
                 A         B        C        D         E       F
            +---------+---------+-------+---------+---------+-------
      Total |     301 |       0 |   0.0 |      39 |       0 |   0.0
            +---------+---------+-------+---------+---------+-------
        D:1 |      31 |       0 |   0.0 |      20 |       0 |   0.0
        D:2 |      85 |       0 |   0.0 |      15 |       0 |   0.0
        D:6 |     185 |       0 |   0.0 |       4 |       0 |   0.0
            +---------+---------+-------+---------+---------+-------
